TOP OF THE 1ST |
---|
Kenilworth Aces batting - Pitching for Kalamazoo Royale with Cheese : LHP Salvador Castro | Pitching: LHP Salvador Castro | | Batting: LHB Barrett Waters | 0-0: Ball 1-0: SINGLE (Line Drive, 7S) | Batting: LHB Roy Patrick | 0-0: Ball 1-0: Called Strike 1-1: Ball 2-1: Called Strike 2-2: Ball 3-2: Strikes out looking | Batting: SHB Julián Madrid | 0-0: Called Strike Barrett Waters steals 2nd base 0-1: Called Strike 0-2: Ball 1-2: Ball 2-2: SINGLE (Groundball, 6MD) Barrett Waters to third | Batting: RHB Jorge Jiménez | 0-0: Foul Ball, location: 2F 0-1: Ball 1-1: Ball 2-1: Foul Ball, location: 2F 2-2: Foul Ball, location: 2F 2-2: Ball 3-2: DOUBLE (Line Drive, 8LXD) Barrett Waters scores Julián Madrid to third | Batting: LHB Roberto García | 0-0: Ground out 5-3 (Groundball, 25) | Batting: RHB Andrés Lara | 0-0: DOUBLE (Flyball, 9LD) Julián Madrid scores Jorge Jiménez scores | Batting: RHB Wilbert Rodgers | 0-0: Ball 1-0: Called Strike 1-1: Called Strike 1-2: Foul Ball, location: 2F 1-2: Ball 2-2: Strikes out swinging | Top of the 1st over - 3 runs, 4 hits, 0 errors, 1 left on base; Kenilworth 3 - Kalamazoo 0 | BOTTOM OF THE 1ST |
---|
Kalamazoo Royale with Cheese batting - Pitching for Kenilworth Aces : RHP Walt Burton | Pitching: RHP Walt Burton | | Batting: LHB Javier Espinoza | 0-0: Ground out 6-3 (Groundball, 6) | Batting: SHB Caden Keith | 0-0: Called Strike 0-1: Ball 1-1: Fly out, F3 (Line Drive, 34) | Batting: LHB Vincente Sáenz | 0-0: Ball 1-0: Foul Ball, location: 2F 1-1: Foul Ball, location: 2F 1-2: Foul Ball, location: 2F 1-2: Foul Ball, location: 2F 1-2: Fly out, F7 (Line Drive, 7) | Bottom of the 1st over - 0 runs, 0 hits, 0 errors, 0 left on base; Kenilworth 3 - Kalamazoo 0 | TOP OF THE 2ND |
---|
Kenilworth Aces batting - Pitching for Kalamazoo Royale with Cheese : LHP Salvador Castro | Batting: LHB Jim Jensen | 0-0: Ball 1-0: Ball 2-0: Called Strike 2-1: Called Strike 2-2: Strikes out swinging | Batting: RHB Taylor McFarland | 0-0: Ball 1-0: Called Strike 1-1: Ball 2-1: Ball 3-1: Base on Balls | Batting: LHB Barrett Waters | 0-0: SINGLE (Flyball, 34D) Taylor McFarland to second Runner from 2nd tries for 3rd, SAFE, no throw | Batting: LHB Roy Patrick | 0-0: Ball 1-0: Ball 2-0: Called Strike 2-1: Called Strike Barrett Waters steals 2nd base 2-2: Ground out 4-3 (Groundball, 4) Taylor McFarland scores Barrett Waters to third | Batting: SHB Julián Madrid | 0-0: Called Strike 0-1: Ball 1-1: Ball 2-1: Called Strike 2-2: Foul Ball, location: 2F 2-2: Ball 3-2: Ground out 5-3 (Groundball, 5) | Top of the 2nd over - 1 run, 1 hit, 0 errors, 1 left on base; Kenilworth 4 - Kalamazoo 0 | BOTTOM OF THE 2ND |
---|
Kalamazoo Royale with Cheese batting - Pitching for Kenilworth Aces : RHP Walt Burton | Batting: LHB Roberto Sandoval | 0-0: Called Strike 0-1: Called Strike 0-2: SINGLE (Groundball, 25) (infield hit) | Batting: RHB Zander Tremblett | 0-0: Ball 1-0: Ball 2-0: SINGLE (Groundball, 56D) Roberto Sandoval to second | Batting: LHB Bill McJannett | 0-0: Foul Ball, location: 2F 0-1: Called Strike 0-2: Strikes out looking | Batting: LHB Ron Robinson | 0-0: Foul Ball, location: 2F 0-1: Ball 1-1: Called Strike Roberto Sandoval steals 3rd base 1-2: Foul Ball, location: 2F 1-2: Foul Ball, location: 2F 1-2: Foul Ball, location: 2F 1-2: SINGLE (Groundball, 56D) Roberto Sandoval scores Zander Tremblett to second | Batting: LHB Francisco Calderón | 0-0: Fly out, F9 (Flyball, 89M) | Batting: LHB Keith Tillman | 0-0: Fly out, F4 (Line Drive, 34) | Bottom of the 2nd over - 1 run, 3 hits, 0 errors, 2 left on base; Kenilworth 4 - Kalamazoo 1 | TOP OF THE 3RD |
---|
Kenilworth Aces batting - Pitching for Kalamazoo Royale with Cheese : LHP Salvador Castro | Batting: RHB Jorge Jiménez | 0-0: Ball 1-0: Swinging Strike 1-1: Called Strike 1-2: Strikes out looking | Batting: LHB Roberto García | 0-0: Ball 1-0: Ground out 4-3 (Groundball, 4) | Batting: RHB Andrés Lara | 0-0: Ball 1-0: TRIPLE (Flyball, 78XD) | Batting: RHB Wilbert Rodgers | 0-0: Called Strike 0-1: Ball 1-1: Swinging Strike 1-2: Foul Ball, location: 2F 1-2: Ball 2-2: Fly out, F7 (Flyball, 7LDF) | Top of the 3rd over - 0 runs, 1 hit, 0 errors, 1 left on base; Kenilworth 4 - Kalamazoo 1 | BOTTOM OF THE 3RD |
---|
Kalamazoo Royale with Cheese batting - Pitching for Kenilworth Aces : RHP Walt Burton | Batting: LHB Javier Espinoza | 0-0: Called Strike 0-1: Called Strike 0-2: Strikes out swinging | Batting: SHB Caden Keith | 0-0: Swinging Strike 0-1: Ball 1-1: Foul Ball, location: 2F 1-2: SINGLE (Line Drive, 7S) | Batting: LHB Vincente Sáenz | 0-0: Ball Throwing error on steal attempt, E2 Caden Keith to third 1-0: Foul Ball, location: 2F 1-1: SINGLE (Line Drive, 56D) Caden Keith scores | Batting: LHB Roberto Sandoval | 0-0: Grounds into double play, 4-6-3 (Groundball, 4) | Bottom of the 3rd over - 1 run, 2 hits, 1 error, 0 left on base; Kenilworth 4 - Kalamazoo 2 | TOP OF THE 4TH |
---|
Kenilworth Aces batting - Pitching for Kalamazoo Royale with Cheese : LHP Salvador Castro | Batting: LHB Jim Jensen | 0-0: Ball 1-0: Foul Ball, location: 2F 1-1: Ball 2-1: Ground out 5-3 (Groundball, 56) | Batting: RHB Taylor McFarland | 0-0: Ball 1-0: Ball 2-0: Called Strike 2-1: Swinging Strike 2-2: Ball 3-2: Foul Ball, location: 2F 3-2: Strikes out swinging | Batting: LHB Barrett Waters | 0-0: Called Strike 0-1: Ball 1-1: SINGLE (Line Drive, 56) | Batting: LHB Roy Patrick | 0-0: Called Strike 0-1: Ball 1-1: Called Strike 1-2: Strikes out looking | Top of the 4th over - 0 runs, 1 hit, 0 errors, 1 left on base; Kenilworth 4 - Kalamazoo 2 | BOTTOM OF THE 4TH |
---|
Kalamazoo Royale with Cheese batting - Pitching for Kenilworth Aces : RHP Walt Burton | Batting: RHB Zander Tremblett | 0-0: Ball 1-0: Called Strike 1-1: Foul Ball, location: 2F 1-2: Fly out, F2 (Popup, 15S) | Batting: LHB Bill McJannett | 0-0: Ball 1-0: Foul Ball, location: 2F 1-1: Swinging Strike 1-2: Strikes out swinging | Batting: LHB Ron Robinson | 0-0: Swinging Strike 0-1: Foul Ball, location: 2F 0-2: Ball 1-2: Foul Ball, location: 2F 1-2: Ball 2-2: Foul Ball, location: 2F 2-2: Foul Ball, location: 2F 2-2: Foul Ball, location: 2F 2-2: Foul Ball, location: 2F 2-2: Foul Ball, location: 2F 2-2: Foul Ball, location: 2F 2-2: Ball 3-2: Base on Balls | Batting: LHB Francisco Calderón | 0-0: Ball 1-0: Called Strike 1-1: Ball 2-1: Fly out, F7 (Flyball, 7S) | Bottom of the 4th over - 0 runs, 0 hits, 0 errors, 1 left on base; Kenilworth 4 - Kalamazoo 2 | TOP OF THE 5TH |
---|
Kenilworth Aces batting - Pitching for Kalamazoo Royale with Cheese : LHP Salvador Castro | Batting: SHB Julián Madrid | 0-0: Swinging Strike 0-1: Ball 1-1: Ball 2-1: Foul Ball, location: 2F 2-2: DOUBLE (Line Drive, 7LM) | Batting: RHB Jorge Jiménez | 0-0: Intentional Walk | Batting: LHB Roberto García | 0-0: Called Strike 0-1: Ball 1-1: Ball 2-1: Ball 3-1: Base on Balls Julián Madrid to third Jorge Jiménez to second | Pitching: LHP Terry Klassen | | Batting: RHB Andrés Lara | 0-0: Ball 1-0: Swinging Strike 1-1: Grounds into fielders choice 5-2 (Groundball, 56S) Jorge Jiménez to third Roberto García to second | Batting: RHB Wilbert Rodgers | 0-0: Ball 1-0: Fly out, F9 (Flyball, 9LMF) Runner from 3rd tags up, SCORES, no throw | Batting: LHB Jim Jensen | 0-0: Called Strike 0-1: Ball 1-1: Ball 2-1: Foul Ball, location: 2F 2-2: Strikes out swinging | Top of the 5th over - 1 run, 1 hit, 0 errors, 2 left on base; Kenilworth 5 - Kalamazoo 2 | BOTTOM OF THE 5TH |
---|
Kalamazoo Royale with Cheese batting - Pitching for Kenilworth Aces : RHP Walt Burton | Batting: LHB Keith Tillman | 0-0: Bunt for hit - play at first, batter safe! | Batting: LHB Javier Espinoza | 0-0: Ball 1-0: Fielders Choice at 2nd, 1-6 (Groundball, 13S) | Batting: SHB Caden Keith | 0-0: Foul Ball, location: 2F 0-1: Ball 1-1: Foul Ball, location: 2F 1-2: Ball 2-2: Fly out, F9 (Flyball, 9S) | Batting: LHB Vincente Sáenz | 0-0: Called Strike 0-1: Foul Ball, location: 2F 0-2: Ball 1-2: Ground out 4-3 (Groundball, 4) | Bottom of the 5th over - 0 runs, 1 hit, 0 errors, 1 left on base; Kenilworth 5 - Kalamazoo 2 | TOP OF THE 6TH |
---|
Kenilworth Aces batting - Pitching for Kalamazoo Royale with Cheese : LHP Terry Klassen | Batting: RHB Taylor McFarland | 0-0: Ball 1-0: SINGLE (Groundball, 34S) (infield hit) | Batting: LHB Barrett Waters | 0-0: Swinging Strike 0-1: Swinging Strike 0-2: Strikes out swinging | Batting: LHB Roy Patrick | 0-0: Ball 1-0: Called Strike 1-1: Called Strike 1-2: Ball 2-2: Foul Ball, location: 2F 2-2: Foul Ball, location: 2F 2-2: Ball Wild Pitch! Taylor McFarland to second 3-2: Strikes out swinging | Batting: SHB Julián Madrid | 0-0: Swinging Strike 0-1: Ball Wild Pitch! Taylor McFarland to third 1-1: Swinging Strike 1-2: Strikes out swinging | Top of the 6th over - 0 runs, 1 hit, 0 errors, 1 left on base; Kenilworth 5 - Kalamazoo 2 | BOTTOM OF THE 6TH |
---|
Kalamazoo Royale with Cheese batting - Pitching for Kenilworth Aces : RHP Walt Burton | Batting: LHB Roberto Sandoval | 0-0: Called Strike 0-1: Ball 1-1: Fly out, F3 (Line Drive, 34S) | Batting: RHB Zander Tremblett | 0-0: Ball 1-0: Fly out, F4 (Line Drive, 4) | Batting: LHB Bill McJannett | 0-0: Ground out U3 (Groundball, 34S) | Bottom of the 6th over - 0 runs, 0 hits, 0 errors, 0 left on base; Kenilworth 5 - Kalamazoo 2 | TOP OF THE 7TH |
---|
Kenilworth Aces batting - Pitching for Kalamazoo Royale with Cheese : LHP Terry Klassen | Batting: RHB Jorge Jiménez | 0-0: Ball 1-0: Ball 2-0: Called Strike 2-1: Called Strike 2-2: Foul Ball, location: 2F 2-2: Ball 3-2: Base on Balls | Batting: LHB Roberto García | 0-0: Swinging Strike 0-1: Ball 1-1: Ball 2-1: Ball 3-1: Base on Balls Jorge Jiménez to second | Batting: RHB Andrés Lara | 0-0: Bunted foul 0-1: Sac Bunt - play at first, batter OUT! 1-4 Jorge Jiménez to third Roberto García to second | Batting: RHB Wilbert Rodgers | 0-0: Intentional Walk | Batting: LHB Jim Jensen | 0-0: Foul Ball, location: 2F 0-1: Ball 1-1: Ball 2-1: Fly out, F4 (Line Drive, 4) | Batting: RHB Taylor McFarland | 0-0: Foul Ball, location: 2F 0-1: Ground out 5-3 (Groundball, 2L) | Top of the 7th over - 0 runs, 0 hits, 0 errors, 3 left on base; Kenilworth 5 - Kalamazoo 2 | BOTTOM OF THE 7TH |
---|
Kalamazoo Royale with Cheese batting - Pitching for Kenilworth Aces : RHP Walt Burton | Batting: LHB Ron Robinson | 0-0: Ball 1-0: Ball 2-0: Called Strike 2-1: Foul Ball, location: 2F 2-2: Ground out 6-3 (Groundball, 6) | Batting: LHB Francisco Calderón | 0-0: Ball 1-0: Foul Ball, location: 2F 1-1: Swinging Strike 1-2: Ball 2-2: Ball 3-2: Fly out, F8 (Flyball, 8RM) | Batting: LHB Keith Tillman | 0-0: Fly out, F4 (Popup, 34) | Bottom of the 7th over - 0 runs, 0 hits, 0 errors, 0 left on base; Kenilworth 5 - Kalamazoo 2 | TOP OF THE 8TH |
---|
Kenilworth Aces batting - Pitching for Kalamazoo Royale with Cheese : LHP Terry Klassen | Batting: LHB Barrett Waters | 0-0: Ball 1-0: Fly out, F9 (Flyball, 89D) | Batting: LHB Roy Patrick | 0-0: Called Strike 0-1: Ground out 6-3 (Groundball, 6) | Batting: SHB Julián Madrid | 0-0: Called Strike 0-1: Ball 1-1: Swinging Strike 1-2: Ground out 5-3 (Groundball, 5) | Top of the 8th over - 0 runs, 0 hits, 0 errors, 0 left on base; Kenilworth 5 - Kalamazoo 2 | BOTTOM OF THE 8TH |
---|
Kalamazoo Royale with Cheese batting - Pitching for Kenilworth Aces : RHP Walt Burton | Batting: LHB Javier Espinoza | 0-0: Foul Ball, location: 2F 0-1: Called Strike 0-2: Ball 1-2: Ball 2-2: Foul Ball, location: 2F 2-2: Fly out, F7 (Line Drive, 7) | Batting: SHB Caden Keith | 0-0: Foul Ball, location: 2F 0-1: Ball 1-1: Swinging Strike 1-2: Ground out 6-3 (Groundball, 6) | Batting: LHB Vincente Sáenz | 0-0: SINGLE (Line Drive, 6MD) | Batting: LHB Roberto Sandoval | 0-0: Ball 1-0: 2-RUN HOME RUN (Flyball, 89XD), Distance : 421 ft | Batting: RHB Zander Tremblett | 0-0: Called Strike 0-1: SINGLE (Flyball, 8LS) | Batting: LHB Bill McJannett | 0-0: Ball 1-0: Called Strike 1-1: 2-RUN HOME RUN (Line Drive, 9D), Distance : 386 ft | Pitching: LHP Alfonso Ramos | | Batting: LHB Ron Robinson | 0-0: Called Strike 0-1: Ball 1-1: Ball 2-1: Reached on error, E4 (Groundball, 4) | Pinch Hitting: RHB Tae-kwon Kwon | 0-0: Ball 1-0: Foul Ball, location: 2F 1-1: Ground out 5-3 (Groundball, 56) | Bottom of the 8th over - 4 runs, 4 hits, 1 error, 1 left on base; Kenilworth 5 - Kalamazoo 6 | TOP OF THE 9TH |
---|
Kenilworth Aces batting - Pitching for Kalamazoo Royale with Cheese : LHP Terry Klassen | Now in RF: José Velásquez | | Batting: RHB Jorge Jiménez | 0-0: Ball 1-0: Called Strike 1-1: Foul Ball, location: 2F 1-2: Ball 2-2: SINGLE (Line Drive, 9LM) | Pitching: RHP Armen Boyajian | | Batting: LHB Roberto García | 0-0: Ball 1-0: Foul Ball, location: 2F 1-1: Foul Ball, location: 2F 1-2: SINGLE (Line Drive, 8LS) Jorge Jiménez to second | Batting: RHB Andrés Lara | 0-0: Ball 1-0: Bunted foul 1-1: Ball 2-1: Sac Bunt - play at first, batter OUT! 1-4 Jorge Jiménez to third Roberto García to second | Batting: RHB Wilbert Rodgers | 0-0: Foul Ball, location: 2F 0-1: Ball 1-1: Ball 2-1: Foul Ball, location: 2F 2-2: SINGLE (Groundball, 56D) Jorge Jiménez scores Roberto García to third | Batting: LHB Jim Jensen | 0-0: Ball 1-0: Ground out U3 (Groundball, 3) Wilbert Rodgers to second | Batting: RHB Taylor McFarland | 0-0: SINGLE (Line Drive, 3) Roberto García scores Wilbert Rodgers to third Runner from 3rd tries for Home, SAFE, no throw | Batting: LHB Barrett Waters | 0-0: Ball 1-0: Ball 2-0: 2-RUN HOME RUN (Flyball, 9D), Distance : 418 ft | Pitching: RHP Roberto Ledesma | | Batting: LHB Roy Patrick | 0-0: Ball 1-0: Ball 2-0: Ball 3-0: Base on Balls | Batting: SHB Julián Madrid | 0-0: Ground out 4-3 (Groundball, 34) | Top of the 9th over - 5 runs, 5 hits, 0 errors, 1 left on base; Kenilworth 10 - Kalamazoo 6 | BOTTOM OF THE 9TH |
---|
Kalamazoo Royale with Cheese batting - Pitching for Kenilworth Aces : LHP Alfonso Ramos | Batting: LHB Keith Tillman | 0-0: Called Strike 0-1: Foul Ball, location: 2F 0-2: Fly out, F9 (Line Drive, 9D) | Batting: LHB Javier Espinoza | 0-0: Ball 1-0: Ball 2-0: Fly out, F9 (Flyball, 9LM) | Batting: SHB Caden Keith | 0-0: Called Strike 0-1: Foul Ball, location: 2F 0-2: Strikes out swinging | Bottom of the 9th over - 0 runs, 0 hits, 0 errors, 0 left on base; Kenilworth 10 - Kalamazoo 6 | |